 Dungeon Crawl Stone Soup version 0.26.1-11-gd32895ea62 (webtiles) character file.

Game seed: 8038413052663762769

921 Destapler the Shield-Bearer (level 7, -10/64 HPs)
             Began as a Minotaur Fighter on July 3, 2021.
             Killed by divine providence
             ... invoked by an orc priest
              (12 damage)
             ... on level 5 of the Dungeon.
             The game lasted 00:06:10 (4233 turns).

Destapler the Shield-Bearer (Minotaur Fighter)      Turns: 4233, Time: 00:06:11

Health: -10/64     AC: 11    Str: 22    XL:     7   Next: 84%
Magic:  6/6        EV:  5    Int: 11    God:
Gold:   214        SH: 15    Dex: 10    Spells: 6/6 levels left

rFire    . . .     SeeInvis .   a - +0 flail
rCold    . . .     Faith    .   c - +0 kite shield
rNeg     . . .     Spirit   .   b - +0 scale mail
rPois    .         Reflect  +   (helmet restricted)
rElec    .         Harm     .   (no cloak)
rCorr    +         Rampage  .   h - +0 pair of gloves
Will     .....                  d - +1 pair of boots
Stlth    ..........             o - amulet of reflection
HPRegen  0.20/turn              p - ring of resist corrosion
MPRegen  0.10/turn              k - +6 ring of intelligence

@: constricted
A: retaliatory headbutt, horns 2
a: no special abilities


You were on level 5 of the Dungeon.
You visited 1 branch of the dungeon, and saw 5 of its levels.

You collected 214 gold pieces.

Inventory:

Hand Weapons
 a - a +0 flail (weapon)
Missiles
 g - a throwing net
 j - 14 poisoned darts (quivered)
 n - 3 boomerangs
 u - 3 silver boomerangs
Armour
 b - a +0 scale mail (worn)
 c - a +0 kite shield (worn)
 d - a +1 pair of boots (worn)
 h - a +0 pair of gloves (worn)
Jewellery
 f - an uncursed ring of fire
 k - a +6 ring of intelligence (right hand)
 o - an amulet of reflection (around neck)
 p - a ring of resist corrosion (left hand)
Scrolls
 i - 3 scrolls of fog
 l - 3 scrolls of identify
 q - 4 scrolls of teleportation
 s - 2 scrolls of blinking {unknown}
 v - a scroll of enchant armour {unknown}
 w - a scroll of acquirement {unknown}
 x - a scroll of remove curse
Potions
 e - 2 potions of magic {unknown}
 m - 4 potions of brilliance
 r - 2 potions of lignification {unknown}
 t - a potion of degeneration {unknown}


   Skills:
 + Level 6.5 Fighting
 + Level 5.8 Maces & Flails
 + Level 6.4 Armour
 + Level 6.5 Shields


You had 6 spell levels left.
You didn't know any spells.
Your spell library contained the following spells:

 Spells                   Type           Power        Failure   Level
 Teleport Other           Tloc           0%           100%        3
 Summon Forest            Summ/Tloc      0%           100%        5
 Dispersal                Tloc           0%           100%        6


Dungeon Overview and Level Annotations

Branches:
Dungeon (5/15)
 Temple: D:4-7

Altars:
Elyvilon
Uskayaw


Innate Abilities, Weirdness & Mutations

You reflexively headbutt those who attack you in melee.
You have a pair of horns on your head.


Message History

* * * LOW HITPOINT WARNING * * *
The ball python bites you but does no damage.
The ball python grabs you. The ball python constricts you.
You miss something.
The ball python bites you but does no damage.
The ball python constricts you.
The ogre hits you with a +0 giant spiked club!
* * * LOW HITPOINT WARNING * * *
The orc hits you with a +0 club.
* * * LOW HITPOINT WARNING * * *
The ball python bites you but does no damage.
The ball python constricts you.
You bump into the rock wall.
You feel less confused. You block the ogre's attack.
The ball python bites you but does no damage.
The ball python constricts you.
The orc priest calls down the wrath of Beogh upon you.
Beogh smites you!
You die...

#......# ##########
#......# #.<......#
#......# #........#
#......# ##........#
#......# ####.........#
#......#
...#.##.....####o.....#
....†..........OSoo..>+
##.####.#.#.##.#@.....#
.#........#.##.###......
.#####....#..... .####.
.....#.#..####..# #
.##....#... ...#
.##..###.### ...# .....
.# ...# .##.. .# .


You could see an ogre, 2 orc priests, an orc and a ball python.

Vanquished Creatures
  Grinder (D:4)
  Sigmund (D:3)
  2 ogres (D:4)
  A scorpion (D:4)
  A killer bee (D:4)
  A centaur zombie (D:4)
  A centaur skeleton (D:4)
  A hound (D:4)
  4 worker ants (D:4)
  3 adders
  An adder zombie (D:4)
  2 worms
  A dart slug (D:4)
  6 leopard geckos
  9 orcs
  9 giant cockroaches
  6 goblins
  10 hobgoblins
  6 jackals
  A quokka (D:2)
  9 bats
  9 frilled lizards
  A jackal skeleton (D:4)
  8 kobolds
  8 rats
102 creatures vanquished.

Notes
Turn   | Place    | Note
-------+----------+-------------------------------------------
     0 | D:1      | Destapler the Minotaur Fighter began the quest for the Orb.
     0 | D:1      | Reached XP level 1. HP: 19/19 MP: 0/0
    66 | D:1      | Reached XP level 2. HP: 22/27 MP: 1/1
   721 | D:1      | Reached XP level 3. HP: 33/33 MP: 2/2
  1080 | D:2      | Noticed a -2 hand axe
  1082 | D:2      | Noticed a +0 hand axe
  1083 | D:2      | Found a hide-covered altar of Uskayaw.
  1248 | D:2      | You fall into a shaft and drop 2 floors!
  1259 | D:4      | Reached XP level 4. HP: 23/41 MP: 3/3
  1470 | D:4      | Reached XP level 5. HP: 42/47 MP: 4/4
  1500 | D:4      | Noticed Grinder
  1511 | D:4      | Killed Grinder
  1512 | D:4      | Reached skill level 5 in Fighting
  1512 | D:4      | Reached skill level 5 in Armour
  1512 | D:4      | Reached skill level 5 in Shields
  1512 | D:4      | Reached XP level 6. HP: 7/56 MP: 5/5
  2457 | D:2      | Identified the Volume of the Eternal Void
  2503 | D:2      | Found a white marble altar of Elyvilon.
  3007 | D:3      | Noticed Sigmund
  3016 | D:3      | Killed Sigmund
  3017 | D:3      | Reached skill level 5 in Maces & Flails
  3017 | D:3      | Reached XP level 7. HP: 50/63 MP: 6/6
  4176 | D:5      | Entered Level 5 of the Dungeon
  4232 | D:5      | HP: 1/64 [orc/+0 club (4)]
  4233 | D:5      | Killed from afar by an orc priest

Illustrated notes

Levels and vault maps discovered:
D:1:      kennysheep_arrival_forest, layout_basic, hex_large
D:2:      minmay_recursive_quarters, layout_loops_cross,
          dancing_weapons_uskayaw, lemuel_doored_altar
D:3:      layout_basic, minivault_27, uniq_sigmund
D:4:      minmay_chambers_of_fours, layout_loops_ring, kennysheep_dice,
          uniq_grinder
D:5:      layout_basic, minmay_a_box_with_orc_wizards_in_it

Skill      XL: |  1  2  3  4  5  6 |
---------------+-------------------+-----
Armour         | 4 5 6 |  6.4
Fighting       | 4 5 6 |  6.5
Shields        | 4 5 6 |  6.5
Maces & Flails | 3 4 5 |  5.8

Action                   |  1- 3 |  4- 6 |  7- 9 || total
-------------------------+-------+-------+-------++-------
Melee: Flail             |   100 |   128 |    64 ||   292
       Headbutt          |    11 |    23 |     6 ||    40
Throw: Dart              |     1 |       |       ||     1
  Use: Scroll            |       |     4 |       ||     4
       Potion            |       |     1 |       ||     1
Armor: Scale mail        |    62 |    50 |    20 ||   132
Dodge: Dodged            |    36 |    37 |    14 ||    87
Block: Kite shield       |    72 |   109 |    47 ||   228
